 Dungeon Crawl Stone Soup version 0.25-a0-435-g4b9beb1024 (webtiles) character file.

Game seed: 16481364144338625652, levelgen mode: deterministic

517 thepandapuncher the Chopper (level 7, 7/136 HPs)
             Began as a Hill Orc Fighter on Jan 26, 2020.
             Quit the game on level 5 of the Dungeon on Jan 31, 2020.
             The game lasted 00:12:17 (1623 turns).

thepandapuncher the Chopper (Hill Orc Fighter)      Turns: 1623, Time: 00:12:17

Health: 7/136      AC: 23    Str: 25    XL:     7   Next: 20%
Magic:  7/7        EV:  2    Int:  8    God:
Gold:   39         SH: 10    Dex: 11    Spells: 6/6 levels left

rFire    . . .     SeeInvis .   a - +0 war axe
rCold    . . .     Gourm    .   c - +0 shield
rNeg     + + +     Faith    .   (armour currently unavailable)
rPois    +         Spirit   .   (helmet currently unavailable)
rElec    .         Reflect  .   (cloak currently unavailable)
rCorr    .         Harm     .   (gloves currently unavailable)
MR       .....     NoTele   +   (boots currently unavailable)
Stlth    ..........             (no amulet)
HPRegen  0.32/turn              (no ring)
MPRegen  0.10/turn              (no ring)

@: berserking, tree-form, very quick
A: no striking features
a: no special abilities


You were on level 5 of the Dungeon.
You were not hungry.
You were a tree.
You visited 1 branch of the dungeon, and saw 4 of its levels.

You collected 39 gold pieces.

Inventory:

Hand Weapons
 a - a +0 war axe (weapon)
 f - a +0 club
 k - a +0 whip
 l - a +0 club
 n - a +0 club
 o - a +0 club
 q - a +0 club
Missiles
 j - 65 stones (quivered)
 m - 14 poisoned darts
 p - 14 arrows
 r - 58 sling bullets
Armour
 b - a +0 scale mail (melded)
 c - a +0 shield (worn)
Jewellery
 e - an uncursed ring of see invisible {unknown}
 u - an uncursed ring of magical power {unknown}
Scrolls
 g - 4 scrolls of teleportation {unknown}
 t - 2 scrolls of identify {unknown}
 v - a scroll of enchant armour {unknown}
Potions
 d - 2 potions of might
Comestibles
 s - a ration


   Skills:
 + Level 5.1 Fighting
 + Level 6.7 Axes
 + Level 4.7 Armour
 + Level 1.2 Dodging
 + Level 0.3 Stealth
 + Level 4.5 Shields


You had 6 spell levels left.
You didn't know any spells.
Your spell library was empty.

Dungeon Overview and Level Annotations

Branches:
Dungeon (3/15)

Altars:
Okawaru
Uskayaw


Message History

Unknown command.
Unknown command.
You don't know any spells.
There isn't anything here!
You are too injured to fight recklessly!
You are too injured to fight recklessly!
You are too injured to fight recklessly!
You are too injured to fight recklessly!
You are too injured to fight recklessly!
You are too injured to fight recklessly!
You are too injured to fight recklessly!
You are too injured to fight recklessly!
You are too injured to fight recklessly!
You are too injured to fight recklessly!
You are too injured to fight recklessly!
Unknown command.
Unknown command.
Unknown command.
Unknown command.
Are you sure you want to abandon this character and quit the game? (Confirm with "yes".)

.......#.#......
##............#
.#.###.#......#### #..#
#........##.. .###
#.####.####.# ### #.# .#
#.# ..####.# # #.#
.......# ##+## #[#
#.########...###♣# #.#
##.....##[# . #.##
##.......#.####..#
...####................#
#.....'.................
...####.........####...#
#.## ##.......## .## ..#
##.....## # ### ##...##


There were no monsters in sight!

Vanquished Creatures
  Sigmund (D:3)
  An ice beast (D:5)
  Duvessa (D:5)
  Dowan (D:5)
  A howler monkey (D:2)
  An adder (D:2)
  A worm (D:3)
  A dart slug (D:1)
  A leopard gecko (D:3)
  2 ball pythons
  A bat (D:1)
  A giant cockroach (D:1)
  4 goblins
  6 hobgoblins
  4 jackals
  5 kobolds
  2 quokkas (D:3)
  A frilled lizard (D:3)
  6 rats
41 creatures vanquished.

Notes
Turn   | Place    | Note
-------+----------+-------------------------------------------
     0 | D:1      | thepandapuncher the Hill Orc Fighter began the quest for
                  | the Orb.
     0 | D:1      | Reached XP level 1. HP: 19/19 MP: 1/1
   242 | D:1      | Found an iron altar of Okawaru.
   252 | D:1      | Reached XP level 2. HP: 19/27 MP: 2/2
   479 | D:1      | Reached skill level 3 in Axes
   479 | D:1      | Reached XP level 3. HP: 33/33 MP: 3/3
  1198 | D:2      | Found a hide-covered altar of Uskayaw.
  1265 | D:2      | Reached XP level 4. HP: 34/41 MP: 4/4
  1312 | D:3      | Noticed Sigmund
  1323 | D:3      | Killed Sigmund
  1323 | D:3      | Reached skill level 5 in Axes
  1323 | D:3      | Reached skill level 1 in Dodging
  1323 | D:3      | Reached XP level 5. HP: 34/47 MP: 5/5
  1323 | D:3      | Reached XP level 6. HP: 39/53 MP: 6/6
  1544 | D:3      | You fall into a shaft and drop 2 floors!
  1544 | D:5      | Entered Level 5 of the Dungeon
  1571 | D:5      | Noticed an ice beast
  1585 | D:5      | Killed an ice beast
  1585 | D:5      | Reached skill level 6 in Axes
  1595 | D:5      | Noticed Duvessa
  1596 | D:5      | Noticed Dowan
  1610 | D:5      | Killed Duvessa
  1610 | D:5      | Reached skill level 5 in Fighting
  1610 | D:5      | Reached XP level 7. HP: 11/61 MP: 7/7
  1618 | D:5      | HP: 3/91 [Dowan/stone arrow (7)]
  1621 | D:5      | Killed Dowan
  1623 | D:5      | Quit the game

Levels and vault maps discovered:
D:1:      lightli_arrival_chessboard, layout_loops_cross,
          okawaru_ov_weapons_minmay
D:2:      layout_basic, nicolae_overflow_crystal_walls,
          eat_drink_and_be_merry_uskayaw, zin_scriptorium,
          nemelex_lonely_heart_becter
D:3:      layout_loops_ring, uniq_sigmund, uniq_grinder
D:5:      layout_loops_corners, minmay_temple_entry_statues_pillars,
          first_ration, uniq_duvessa

Skill      XL: |  1  2  3  4  5  6 |
---------------+-------------------+-----
Axes           | 3 5 6 |  6.7
Fighting       | 4 5 |  5.1
Armour         | 4 |  4.7
Dodging        | 1 |  1.2
Shields        | 4 |  4.5
Stealth        | |  0.3

Action                   |  1- 3 |  4- 6 |  7- 9 || total
-------------------------+-------+-------+-------++-------
Melee: War axe           |    71 |    68 |    10 ||   149
  Use: Potion            |       |       |     2 ||     2
  Eat: Ration            |     1 |       |       ||     1
Armor: Scale mail        |    41 |    16 |     1 ||    58
       Skin              |       |       |    10 ||    10
Dodge: Dodged            |    27 |    24 |       ||    51
Block: Shield            |    49 |    30 |     5 ||    84

Table legend:
 A = Non-vault XP
 B = Vault XP
 C = Vault XP percentage of total XP
 D = Non-vault monster count
 E = Vault monster count
 F = Vault count percentage of total count
                 A         B        C        D         E       F
            +---------+---------+-------+---------+---------+-------
      Total |     278 |     461 |  62.4 |      38 |       3 |   7.3
            +---------+---------+-------+---------+---------+-------
        D:1 |      39 |       0 |   0.0 |      22 |       0 |   0.0
        D:2 |      68 |       0 |   0.0 |       3 |       0 |   0.0
        D:3 |      25 |     238 |  90.5 |      12 |       1 |   7.7
        D:5 |     146 |     223 |  60.4 |       1 |       2 |  66.7
            +---------+---------+-------+---------+---------+-------
